 Dungeon Crawl Stone Soup version 0.29-a0-275-g389c0b56f3 (webtiles) character file.

Game seed: 3569186666697771608

12241 BlueGoblin the Spry (level 11, -3/51 HPs)
             Began as a Spriggan Monk on Mar 9, 2022.
             Was a Priest of Dithmenos.
             Slain by a komodo dragon (31 damage)
             ... on level 2 of the Lair of Beasts.
             The game lasted 00:22:49 (10436 turns).

BlueGoblin the Spry (Spriggan Monk)                Turns: 10436, Time: 00:22:50

Health: -3/51      AC:  5    Str:  7    XL:     11   Next: 59%
Magic:  12/12      EV: 36    Int: 12    God:    Dithmenos [***...]
Gold:   524        SH: 10    Dex: 22    Spells: 10/10 levels left

rFire   + . .      SeeInvis +   b - +1 rapier (speed)
rCold   . . .      Faith    .   h - +1 buckler
rNeg    . . .      Spirit   .   E - +0 steam dragon scales
rPois   .          Reflect  .   (helmet restricted)
rElec   .          Harm     .   (no cloak)
rCorr   .          Rampage  .   (gloves unavailable)
Will    +....                   (boots unavailable)
Stlth   ++++......              i - amulet of regeneration
HPRegen 0.97/turn               e - ring of protection from fire
MPRegen 0.13/turn               (no ring)

@: wreathed by umbra, very quick
A: very small, no large weapons, unfitting armour, see invisible, speed 3
a: Renounce Religion, Shadow Step


You were on level 2 of the Lair of Beasts.
You worshipped Dithmenos.
Dithmenos was most pleased with you.
You visited 3 branches of the dungeon, and saw 11 of its levels.

You collected 524 gold pieces.

Inventory:

Hand Weapons
 a - a +1 dagger of draining
 b - a +1 rapier of speed (weapon)
 l - a +0 short sword
 C - a +0 antimagic short sword
Missiles
 r - 32 poisoned darts
 x - a curare-tipped dart
Armour
 h - a +1 buckler (worn)
 k - a +0 robe
 w - an orb of wrath
 E - +0 steam dragon scales (worn)
Jewellery
 e - a ring of protection from fire (left hand)
 i - an amulet of regeneration (around neck)
Wands
 m - a wand of mindburst (3)
 o - a wand of flame (12)
 y - a wand of polymorph (6)
 I - a wand of acid (2) (quivered)
Scrolls
 d - 4 scrolls of teleportation
 g - a scroll of noise
 j - a scroll of enchant armour
 n - a scroll of magic mapping {unknown}
 p - a scroll of silence
 t - 3 scrolls of blinking
 A - a scroll of fog
 F - a scroll of fear
 J - a scroll of amnesia {unknown}
Potions
 c - a potion of ambrosia
 f - 2 potions of curing
 q - a potion of might {unknown}
 s - 4 potions of berserk rage
 u - a potion of mutation {unknown}
 v - 3 potions of degeneration
 z - a potion of haste
 B - 2 potions of heal wounds
 D - a potion of brilliance {unknown}
 G - a potion of attraction
 H - a potion of resistance {unknown}


   Skills:
 - Level 2.4 Fighting
 - Level 3.2 Short Blades
 + Level 20.3 Dodging
 - Level 3.0 Stealth
 - Level 7.3 Shields


You had 10 spell levels left.
You didn't know any spells.
Your spell library contained the following spells:

 Spells                   Type           Power      Damage    Failure   Level
 Magic Dart               Conj           0%         1d3       52%         1
 Call Imp                 Summ           0%         N/A       65%         2
 Ensorcelled Hibernation  Hex/Ice        0%         N/A       65%         2
 Mephitic Cloud           Conj/Pois/Air  0%         N/A       87%         3
 Spider Form              Tmut/Pois      0%         N/A       87%         3
 Anguish                  Hex/Necr       0%         N/A       99%         4
 Passage of Golubria      Tloc           0%         N/A       99%         4
 Silence                  Hex/Air        0%         N/A       100%        5
 Lehudib's Crystal Spear  Conj/Erth      0%         10d2      100%        8


Dungeon Overview and Level Annotations

Branches:
Dungeon (8/15)             Temple (1/1) D:7            Lair (2/6) D:8
  Swamp: Lair:2-4    Shoals: Lair:2-4     Snake: Lair:2-4    Spider: Lair:2-4

Altars:
Ashenzari
Dithmenos
Elyvilon
Fedhas
Gozag
Hepliaklqana
Makhleb
Nemelex Xobeh
Okawaru
Qazlal
Ru
Sif Muna
Trog
Vehumet
Wu Jian
Xom
Yredelemnul
Zin
The Shining One

Shops:
D:4 =


Innate Abilities, Weirdness & Mutations

You are very small and have problems with some larger weapons.
You are too small for most types of armour.
You have supernaturally acute eyesight. (SInv)
You cover ground extremely quickly. (Speed+++)


Message History

The komodo dragon is heavily wounded.
The komodo dragon misses you.
You hit the komodo dragon.
The komodo dragon is heavily wounded.
You block the komodo dragon's attack.
You hit the komodo dragon but do no damage.
The komodo dragon is heavily wounded.
You barely miss the komodo dragon.
The komodo dragon is heavily wounded.
The komodo dragon completely misses you.
You hit the komodo dragon.
The komodo dragon is severely wounded.
The komodo dragon closely misses you.
You hit the komodo dragon.
The komodo dragon is severely wounded.
The komodo dragon completely misses you.
You hit the komodo dragon but do no damage.
The komodo dragon is severely wounded.
You hit the komodo dragon but do no damage.
The komodo dragon is severely wounded.
You block the komodo dragon's attack.
You hit the komodo dragon but do no damage.
The komodo dragon is severely wounded.
The komodo dragon completely misses you.
You hit the komodo dragon.
The komodo dragon is almost dead.
You block the komodo dragon's attack.
You hit the komodo dragon but do no damage.
The komodo dragon is almost dead.
You barely miss the komodo dragon.
The komodo dragon is almost dead.
The komodo dragon closely misses you.
You hit the komodo dragon.
The komodo dragon is almost dead.
The komodo dragon bites you!!
You emit a cloud of dark smoke.
You hit the komodo dragon.
The komodo dragon is almost dead.
The komodo dragon bites you!!
Ouch! That really hurt!
You die...

#.P#..##..........#
## #..##.........##
###..............#
####...............##
.....#..P#.......###
♣....#..#####.#..P.#
P.#.............§§.#
≈.##...........§§§.#
≈.(............§@§##
......#####.#.#§l§.#
#.....#########§..##
P....##..# ##...#
.........#######..##
..................##
..........#†###....#
..........##..##..##
...............Y...##


You could see a komodo dragon.

Vanquished Creatures
  A hydra (Lair:1)
  A two-headed ogre (D:8)
  2 cane toads (Lair:1)
  Maggie (D:8)
  A komodo dragon (Lair:1)
  A troll (D:5)
  5 blink frogs
  A wyvern (Lair:1)
  17 yaks
  A vampire (D:6)
  A basilisk (Lair:1)
  4 wargs
  Edmund (D:4)
  4 water moccasins
  3 orc warriors
  3 black bears (Lair:1)
  An ice beast (D:6)
  3 wolves (Lair:1)
  10 ogres
  A centaur (D:6)
  5 kobold brigands (D:6)
  3 necrophages (D:6)
  5 bullfrogs
  A gnoll sergeant (D:6)
  4 wights
  6 killer bees
  12 howler monkeys
  A jelly (D:5)
  9 hounds
  3 gnoll shamans (D:6)
  8 orc priests
  Jessica (D:3)
  10 orc wizards
  2 iguanas
  Robin (D:2)
  7 adders
  13 gnolls
  3 shadow imps
  A white imp (D:6)
  2 ufetubi
  A worm (D:2)
  2 dart slugs
  30 orcs
  3 endoplasms
  15 goblins
  5 hobgoblins
  2 jackals (D:1)
  2 quokkas (D:1)
  2 ball pythons
  3 bats
  4 frilled lizards
  6 kobolds
  3 rats
237 creatures vanquished.

Vanquished Creatures (others)
  2 fungi
  4 plants
6 creatures vanquished.

Grand Total: 243 creatures vanquished

Notes
Turn   | Place    | Note
-------+----------+-------------------------------------------
     0 | D:1      | BlueGoblin the Spriggan Monk began the quest for the Orb.
     0 | D:1      | Reached XP level 1. HP: 11/11 MP: 2/2
   474 | D:1      | Reached XP level 2. HP: 16/16 MP: 3/3
   566 | D:1      | Reached skill level 5 in Dodging
  1102 | D:2      | Reached XP level 3. HP: 13/19 MP: 4/4
  1249 | D:2      | Found a faded altar of an unknown god.
  1438 | D:2      | Noticed Robin
  1476 | D:2      | Killed Robin
  1477 | D:2      | Reached skill level 6 in Dodging
  1556 | D:2      | You fall into a shaft and drop 1 floor!
  1682 | D:3      | Reached XP level 4. HP: 23/23 MP: 5/5
  1702 | D:3      | Noticed Jessica
  1710 | D:3      | Killed Jessica
  1828 | D:3      | Reached skill level 1 in Shields
  2341 | D:4      | Reached skill level 7 in Dodging
  2341 | D:4      | Reached XP level 5. HP: 27/27 MP: 6/6
  2472 | D:4      | Reached skill level 8 in Dodging
  2535 | D:4      | Reached XP level 6. HP: 25/32 MP: 7/7
  2659 | D:4      | Found Dom Loym's Jewellery Emporium.
  2801 | D:4      | Noticed Edmund
  2810 | D:4      | Killed Edmund
  3052 | D:4      | Reached skill level 9 in Dodging
  3275 | D:5      | Entered Level 5 of the Dungeon
  3297 | D:5      | Reached XP level 7. HP: 35/35 MP: 8/8
  3679 | D:5      | Noticed a troll
  3683 | D:5      | Killed a troll
  3684 | D:5      | Reached skill level 10 in Dodging
  4234 | D:6      | Reached XP level 8. HP: 39/39 MP: 9/9
  4347 | D:6      | Reached skill level 11 in Dodging
  4862 | D:6      | Reached skill level 12 in Dodging
  5002 | D:6      | Reached skill level 5 in Shields
  5480 | D:6      | Noticed a two-headed ogre
  5739 | D:7      | Reached XP level 9. HP: 41/43 MP: 10/10
  5963 | D:7      | Reached skill level 13 in Dodging
  6541 | D:6      | Reached skill level 14 in Dodging
  6844 | D:6      | Reached XP level 10. HP: 45/47 MP: 11/11
  7319 | D:7      | Found a staircase to the Ecumenical Temple.
  7328 | Temple   | Entered the Ecumenical Temple
  7504 | Temple   | Became a worshipper of Dithmenos the Shadowed
  7504 | Temple   | Reached * piety under Dithmenos
  7504 | Temple   | Reached ** piety under Dithmenos
  7534 | D:7      | Reached skill level 15 in Dodging
  7788 | D:8      | Noticed Maggie
  7841 | D:8      | Killed Maggie
  7916 | D:8      | Noticed a two-headed ogre
  7969 | D:8      | Killed a two-headed ogre
  7970 | D:8      | Reached skill level 16 in Dodging
  8190 | D:8      | Found a sparkling altar of Nemelex Xobeh.
  8223 | D:8      | Found a staircase to the Lair.
  8552 | Lair:1   | Entered Level 1 of the Lair of Beasts
  8633 | D:8      | Reached skill level 17 in Dodging
  9009 | Lair:1   | Reached skill level 18 in Dodging
  9024 | Lair:1   | Reached XP level 11. HP: 43/51 MP: 12/12
  9045 | Lair:1   | Reached *** piety under Dithmenos
  9325 | Lair:1   | Reached skill level 19 in Dodging
  9788 | Lair:1   | Noticed an eight-headed hydra
  9898 | Lair:1   | Killed an eight-headed hydra
 10248 | Lair:2   | Reached skill level 20 in Dodging
 10436 | Lair:2   | Slain by a komodo dragon

Illustrated notes

Levels and vault maps discovered:
D:1:      lemuel_arrival_tunnels, layout_basic
D:2:      layout_loops_ring, ebering_ecumenical_altar_webs, basic_altar,
          minmay_misc_feat_hallway, chequers_big_river, uniq_robin
D:3:      layout_basic, uniq_jessica
D:4:      layout_basic, minivault_11, nicolae_take_the_stairs,
          lemuel_old_faithful, uniq_edmund
D:5:      layout_basic
D:6:      lemuel_castle_with_subvaults [lemuel_castle_interior_carwin_2],
          layout_basic
D:7:      layout_cave_pools, temple_fountains
D:8:      layout_basic, mainiacjoe_overflow_tiny_flanked,
          erik_lair_orcish_takeover, uniq_maggie
Temple:   regret_index_temple_mists
Lair:1:   layout_regular_city, beast_lair_carwin_2, serial_bayou_shore_a
Lair:2:   layout_gridlike, minmay_snake_entry_guardpost_small,
          serial_bayou_pond_d

Skill      XL: |  1  2  3  4  5  6  7  8  9 10 11 |
---------------+----------------------------------+-----
Dodging        | 5 6 7 8 9 10 12 14 18 20 | 20.3
Shields        | 1 2 3 5 7 |  7.3
Fighting       | |  2.4
Short Blades   | |  3.2
Stealth        | |  3.0

Action                   |  1- 3 |  4- 6 |  7- 9 | 10-12 || total
-------------------------+-------+-------+-------+-------++-------
Melee: Short sword       |   113 |       |       |       ||   113
       Dagger            |    45 |   133 |   465 |   373 ||  1016
       Rapier            |       |       |   305 |   514 ||   819
Throw: Dart              |       |       |     4 |       ||     4
Evoke: Wand              |       |     4 |    12 |    16 ||    32
  Use: Scroll            |     3 |       |     8 |     6 ||    17
       Potion            |     1 |       |     2 |       ||     3
 Stab: Sleeping          |     8 |     3 |     1 |     6 ||    18
       Distracted        |       |       |     1 |     1 ||     2
       Invisible         |       |       |     2 |     3 ||     5
Armor: Robe              |    14 |     1 |    16 |       ||    31
       Steam dragon scal |       |       |       |    28 ||    28
Dodge: Dodged            |    90 |    95 |   575 |   770 ||  1530
Block: Buckler           |    31 |    42 |   261 |   415 ||   749

Table legend: (Time is in decaauts)
 A = Elapsed time spent in this place.
 B = Non-inter-level travel time spent in this place.
 C = Inter-level travel time spent in this place.
 D = Time resting spent in this place.
 E = Time spent auto-exploring this place.
 F = Levels seen in this place.
 G = Mean time per level.
                   A        B        C        D        E       F      G
               +--------+--------+--------+--------+--------+-----+--------+
         Total |   7380 |   6987 |    393 |    419 |   3464 |  11 |  670.9 |
       Dungeon |   6085 |   5768 |    317 |    419 |   2845 |   8 |  760.6 |
        Temple |    180 |    147 |     33 |      0 |    130 |   1 |  180.0 |
          Lair |   1114 |   1072 |     42 |      0 |    488 |   2 |  557.0 |
               +--------+--------+--------+--------+--------+-----+--------+

Top non-repeatable levels by time:
     D:6: 1867 daAuts
  Lair:1: 907 daAuts
     D:1: 796 daAuts
     D:8: 767 daAuts
     D:4: 706 daAuts
     D:5: 593 daAuts
     D:7: 496 daAuts
     D:3: 494 daAuts
     D:2: 363 daAuts
  Lair:2: 206 daAuts
  Temple: 180 daAuts
